 Dungeon Crawl Stone Soup version 0.21.0-3-g78d12a8 (webtiles) character file.

1145 pstr the Digger (level 8, -3/63 HPs)
             Began as a Naga Earth Elementalist on Jan 16, 2018.
             Was a Follower of Elyvilon.
             Slain by a gnoll sergeant
             ... wielding a +0 spear
              (7 damage)
             ... on level 5 of the Dungeon.
             The game lasted 00:13:50 (7249 turns).

pstr the Digger (Naga Earth Elementalist)           Turns: 7249, Time: 00:13:50

Health: -3/63      AC:  5    Str: 11    XL:     8   Next: 37%
Magic:  3/16       EV: 15    Int: 23    God:    Elyvilon [*.....]
Gold:   238        SH:  0    Dex: 16    Spells: 9/18 levels left

rFire    . . .     SeeInvis +   g - +2 dagger (holy)
rCold    . . .     Gourm    .   (no shield)
rNeg     . . .     Faith    .   c - +0 robe
rPois    +         Spirit   .   t - +0 helmet
rElec    .         Reflect  .   (no cloak)
rCorr    +         Harm     .   f - +0 pair of gloves
MR       +....                  (no barding)
Stlth    ++++......             (no amulet)
HPRegen  0.20/turn              u - ring of resist corrosion
MPRegen  0.15/turn              (no ring)

@: brilliant, agile, very slow
A: large, see invisible, deformed body, poison resistance, slowness 2, slow
metabolism 1, spit poison 1, AC +2
a: Spit Poison, Lesser Healing, Divine Protection, Renounce Religion


You were on level 5 of the Dungeon.
You worshipped Elyvilon.
Elyvilon was aware of your devotion.
You were hungry.

You visited 1 branch of the dungeon, and saw 5 of its levels.

You collected 238 gold pieces.

Inventory:

Hand Weapons
 g - a +2 dagger of holy wrath (weapon)
Missiles
 k - 91 stones (quivered)
Armour
 c - a +0 robe (worn)
 f - a +0 pair of gloves (worn)
 t - a +0 helmet (worn)
 B - a +0 leather armour
Jewellery
 u - a ring of resist corrosion (left hand)
Wands
 w - a wand of polymorph (17)
Scrolls
 b - a scroll of random uselessness {unknown}
 j - 2 scrolls of remove curse {unknown}
 l - 2 scrolls of fear {unknown}
 m - 2 scrolls of amnesia {unknown}
 n - 5 scrolls of identify {unknown}
 o - a scroll of immolation {unknown}
 p - a scroll of fog {unknown}
 s - a scroll of magic mapping {unknown}
 v - a scroll of enchant weapon {unknown}
 y - 2 scrolls of teleportation {unknown}
 A - a scroll of blinking {unknown}
Potions
 a - a potion of degeneration {unknown}
 h - 2 potions of brilliance
 q - a potion of resistance {unknown}
 r - a potion of lignification {unknown}
Books
 e - a book of Geomancy

   Spells                             Type                      Level
   a - Sandblast                      Earth                        1
   b - Passwall                       Transmutation/Earth          2
   c - Stone Arrow                    Conjuration/Earth            3
   d - Petrify                        Transmutation/Earth          4
   e - Lee's Rapid Deconstruction     Earth                        5
Comestibles
 d - 10 rations


   Skills:
 + Level 0.7 Fighting
 + Level 0.4 Short Blades
 + Level 2.0 Dodging
 + Level 4.2 Stealth
 + Level 5.6 Spellcasting
 + Level 3.7 Conjurations
   Level 1.0 Transmutations
 + Level 6.5 Earth Magic


You had 9 spell levels left.
You knew the following spells:

 Your Spells              Type           Power        Failure   Level  Hunger
a - Sandblast             Erth           ######       1%          1    None
b - Stone Arrow           Conj/Erth      #####.       1%          3    #......
c - Lee's Rapid Deconstr  Erth           ######....   1%          5    #####..


Dungeon Overview and Level Annotations

Branches:
Dungeon (5/15)
 Temple: D:4-7

Altars:
Elyvilon
Fedhas
Gozag
Nemelex Xobeh
Xom

Annotations:
D:5 exclusion: oklob plant


Innate Abilities, Weirdness & Mutations

You cannot wear boots.
Your serpentine skin is tough. (AC +2)
You have supernaturally acute eyesight. (SInv)
Armour fits poorly on your strangely shaped body.
Your system is resistant to poisons. (rPois)
You cover ground very slowly.
You have a slow metabolism.
You can spit poison.


Message History

* * * LOW HITPOINT WARNING * * *
You feel better.
The gnoll sergeant hits you from afar with a spear.
The gnoll sergeant hits you from afar with a spear.
* * * LOW HITPOINT WARNING * * *
The gnoll shaman calls upon its god to heal the gnoll sergeant.
The gnoll sergeant is healed somewhat.
The gnoll sergeant hits you from afar with a spear.
* * * LOW HITPOINT WARNING * * *
The gnoll sergeant hits you but does no damage.
The gnoll sergeant hits you from afar with a spear!
* * * LOW HITPOINT WARNING * * *
Your magical contamination has completely faded away.
You feel better.
The gnoll sergeant hits you from afar with a spear!
* * * LOW HITPOINT WARNING * * *
It was a potion of agility.
You feel agile all of a sudden.
The gnoll sergeant hits you from afar with a spear!
You die...

#..#g# #.# #≈.♣.... #g.#.# #.#
#≈.♣.♣♣♣ ....g#######g####
#≈.♣.♣.. ##.g....ggg.g.gg#
#≈.♣.♣.♣ #..#######.###g#
#≈.♣.♣.♣ #..# #.# #g# #≈.♣.♣♣♣
###.######### #g# #≈.♣....
###.##P#PP♣ #♣#.## ♣♣♣♣♣
PP#.#.PPP# .P#.@### ....
.......#P♣ .P###...# #### ≈≈≈≈
.≈≈≈≈≈..P♣#PP.#..#.####..########
≈≈≈≈≈≈≈..PPPPP#.##..)....÷...# #
≈≈≈≈≈≈≈≈..#.♣♣#. ######>####.# #
≈≈≈≈≈≈≈≈≈.PP♣ #. #.# ##.# #
≈≈...≈≈≈≈.PP#P#. ..# #..# #
≈≈._.≈≈≈≈.PPP♣## #### #.## #
≈≈...≈≈≈≈.P♣PP# #.#


You could see a gnoll sergeant, a gnoll shaman and 3 gnolls.

Vanquished Creatures
  A hungry ghost (D:5)
  A phantom (D:4)
  An ice beast (D:5)
  A centaur (D:5)
  A crocodile (D:4)
  2 scorpions (D:5)
  A howler monkey (D:4)
  3 hounds
  An orc priest (D:5)
  2 orc wizards (D:5)
  Natasha (thrice) (D:2)
  An iguana (D:4)
  2 worker ants
  A hound skeleton (D:4)
  A howler monkey zombie (D:5)
  6 adders
  4 gnolls (D:5)
  An adder zombie (D:5)
  2 adder skeletons
  3 worms
  5 dart slugs
  An orc (D:3)
  8 bats
  11 giant cockroaches
  3 goblins
  4 hobgoblins
  16 jackals
  5 kobolds
  4 quokkas
  2 ball pythons
  2 frilled lizards
  4 rats
103 creatures vanquished.

Notes
Turn   | Place    | Note
-------+----------+-------------------------------------------
     0 | D:1      | pstr the Naga Earth Elementalist began the quest for the Orb.
     0 | D:1      | Reached XP level 1. HP: 15/15 MP: 3/3
   327 | D:1      | Reached XP level 2. HP: 22/22 MP: 3/5
   730 | D:1      | Reached XP level 3. HP: 28/28 MP: 2/6
   735 | D:1      | Learned a level 3 spell: Stone Arrow
  1491 | D:2      | Noticed Natasha
  1500 | D:2      | Killed Natasha
  1500 | D:2      | Reached XP level 4. HP: 28/36 MP: 0/8
  1730 | D:2      | Noticed Natasha
  1733 | D:2      | Killed Natasha
  1733 | D:2      | Reached skill level 4 in Earth Magic
  2755 | D:2      | Noticed Natasha
  2763 | D:2      | Killed Natasha
  2763 | D:2      | Reached XP level 5. HP: 20/42 MP: 1/10
  3056 | D:3      | Reached skill level 1 in Conjurations
  4011 | D:4      | Reached XP level 6. HP: 50/50 MP: 0/11
  4810 | D:4      | Reached skill level 5 in Earth Magic
  4877 | D:4      | Reached XP level 7. HP: 50/56 MP: 1/13
  5291 | D:4      | Found a sparkling altar of Nemelex Xobeh.
  5292 | D:4      | Found an opulent altar of Gozag.
  5295 | D:4      | Found a shimmering altar of Xom.
  5295 | D:4      | Found a white marble altar of Elyvilon.
  5303 | D:4      | Became a worshipper of Elyvilon the Healer
  5467 | D:5      | Entered Level 5 of the Dungeon
  5467 | D:5      | Noticed a hungry ghost
  5486 | D:5      | Killed a hungry ghost
  5602 | D:5      | Reached skill level 5 in Spellcasting
  6280 | D:5      | Reached skill level 6 in Earth Magic
  6280 | D:5      | Reached XP level 8. HP: 46/63 MP: 8/15
  6494 | D:5      | Reached * piety under Elyvilon
  6880 | D:5      | Learned a level 5 spell: Lee's Rapid Deconstruction
  6910 | D:5      | Found a blossoming altar of Fedhas.
  6921 | D:5      | Noticed an oklob plant
  7249 | D:5      | Slain by a gnoll sergeant

Skill      XL: |  1  2  3  4  5  6  7 |
---------------+----------------------+-----
Spellcasting   | 3 4 5 |  5.6
Earth Magic    | 4 5 6 |  6.5
Conjurations   | 2 3 |  3.7
Dodging        | 2 |  2.0
Stealth        | 4 |  4.2
Fighting       | |  0.7
Short Blades   | |  0.4
Transmutations | |  1.0

Action                   |  1- 3 |  4- 6 |  7- 9 || total
-------------------------+-------+-------+-------++-------
Melee: Dagger            |     3 |    12 |    10 ||    25
 Cast: Sandblast         |    32 |    11 |    31 ||    74
       Stone Arrow       |     7 |    56 |    46 ||   109
Invok: Divine Protection |       |       |     1 ||     1
 Abil: Spit Poison       |     1 |     5 |     9 ||    15
  Use: Potion            |       |       |     5 ||     5
  Eat: Chunk             |     1 |    16 |     8 ||    25
       Ration            |       |       |     2 ||     2
Armor: Robe              |     6 |    11 |    16 ||    33
Dodge: Dodged            |    16 |    15 |    34 ||    65
